[Event "2nd Irena Warakomska Memorial-B"]
[Site "Suwalki"]
[Date "2018.08.06"]
[Round "7"]
[White "Shamatava, Nikolozi"]
[Black "Rak, Tomasz"]
[Result "1/2-1/2"]
[ECO "A48"]
[WhiteElo "1676"]
[BlackElo "2007"]
[Annotator "NA"]
[PlyCount "170"]
[EventDate "2018.08.01"]
[EventType "swiss"]
[EventCountry "POL"]
[SourceTitle "playchess.com"]
[Source "ChessBase"]
[SourceQuality "1"]
[TimeControl "40/5400+30:1800+30"]

1. d4 Nf6 2. Nf3 g6 3. Bg5 Bg7 4. Nbd2 h6 5. Bxf6 Bxf6 6. e3 d6 7. Bd3 Nc6 8. O-O e5 9. c3 O-O 10. dxe5 dxe5 11. Bb5 Qe7 12. Qe2 Bd7 13. Rfd1 Rad8 14. e4 a6 15. Bc4 b5 16. Bd3 Nb8 17. Nf1 Be6 18. c4 b4 19. Ne3 c6 20. a3 bxa3 21. Rxa3 Bg7 22. Rb1 f5 23. b4 f4 24. Nf1 g5 25. h3 h5 26. N3h2 g4 27. hxg4 hxg4 28. Nxg4 Rxd3 29. Rxd3 Bxc4 30. Nd2 Bxd3 31. Qxd3 Rd8 32. Qb3+ Qf7 33. Nc4 Rd4 34. Ngxe5 Bxe5 35. Nxe5 Qxb3 36. Rxb3 Rxe4 37. Nd3 Nd7 38. Ra3 Rd4 39. Kf1 Nf6 40. Ke2 Nd5 41. Rxa6 Nxb4 42. Nxb4 Rxb4 43. Rxc6 Kg7 44. f3 Rb2+ 45. Kf1 Rb8 46. Kg1 Ra8 47. Rc4 Rf8 48. Kh2 Rh8+ 49. Kg1 Rf8 50. Kf2 Kg6 51. g3 fxg3+ 52. Kxg3 Rf5 53. f4 Rf6 54. Kg4 Ra6 55. Rc8 Rb6 56. Rg8+ Kf7 57. Rh8 Rg6+ 58. Kf5 Rf6+ 59. Ke5 Re6+ 60. Kd5 Re1 61. Rh6 Re2 62. Ra6 Re1 63. Kd4 Re2 64. Kd3 Re1 65. Rb6 Re8 66. Rb5 Kf6 67. Kd4 Re1 68. Rb8 Kf7 69. Rb7+ Kf6 70. Ra7 Re2 71. Kd3 Re1 72. Ra8 Kf7 73. Ra5 Kf6 74. Kd4 Re2 75. Re5 Rxe5 76. fxe5+ Ke6 77. Ke4 Ke7 78. Kf5 Kf7 79. e6+ Ke7 80. Ke5 Ke8 81. Kd5 Ke7 82. Ke5 Ke8 83. Kd6 Kd8 84. e7+ Ke8 85. Kc7 Kxe7 1/2-1/2

[Event "2nd Irena Warakomska Memorial-B"]
[Site "Suwalki"]
[Date "2018.08.07"]
[Round "8"]
[White "Samborski, Henryk"]
[Black "Kindler, Przemyslaw"]
[Result "0-1"]
[ECO "A21"]
[WhiteElo "2098"]
[BlackElo "2086"]
[Annotator "NA"]
[PlyCount "110"]
[EventDate "2018.08.01"]
[EventType "swiss"]
[EventCountry "POL"]
[SourceTitle "playchess.com"]
[Source "ChessBase"]
[SourceQuality "1"]
[TimeControl "40/5400+30:1800+30"]

1. Nf3 d6 2. c4 e5 3. Nc3 Nc6 4. d3 Be7 5. g3 f5 6. Bg2 Nf6 7. O-O O-O 8. Rb1 Qe8 9. Nd5 Bd8 10. b4 Ne7 11. Nxf6+ Rxf6 12. Bg5 Rg6 13. Bd2 f4 14. d4 Nf5 15. dxe5 dxe5 16. e4 Nd6 17. Qc2 Bf6 18. c5 Nf7 19. Bc3 Bg4 20. Nd2 Ng5 21. f3 Be6 22. g4 Rh6 23. Rf2 Rd8 24. b5 Qd7 25. Nf1 Qd3 26. Be1 Qxc2 27. Rxc2 Bxg4 28. fxg4 f3 29. Bxf3 Nxf3+ 30. Kg2 Rd3 31. Bg3 Nd4 32. Rc4 Ra3 33. Rb2 Rg6 34. h3 h5 35. gxh5 Rg5 36. b6 axb6 37. cxb6 cxb6 38. Rc8+ Kh7 39. Rc7 Ne6 40. Rxb7 Nf4+ 41. Kh2 Rxh5 42. Bxf4 Raxh3+ 43. Kg2 exf4 44. Rb3 Rh1 45. Rd3 f3+ 46. Rxf3 Bd4 47. Ne3 R5h2+ 48. Kg3 Rh3+ 49. Kg4 Rxf3 50. Kxf3 Rh3+ 51. Kf4 Rxe3 52. Rd7 Bc5 53. Rd5 Re2 54. a4 Ra2 55. e5 Kg6 0-1

[Event "2nd Irena Warakomska Memorial-B"]
[Site "Suwalki"]
[Date "2018.08.07"]
[Round "8"]
[White "Szewczyk, Mariusz"]
[Black "Salah, Nadezhda"]
[Result "1-0"]
[ECO "C03"]
[WhiteElo "2094"]
[BlackElo "1963"]
[Annotator "NA"]
[PlyCount "37"]
[EventDate "2018.08.01"]
[EventType "swiss"]
[EventCountry "POL"]
[SourceTitle "playchess.com"]
[Source "ChessBase"]
[SourceQuality "1"]
[TimeControl "40/5400+30:1800+30"]

1. e4 e6 2. d4 d5 3. Nd2 h6 4. e5 c5 5. c3 Nc6 6. Ndf3 Bd7 7. Bd3 Qb6 8. Ne2 cxd4 9. cxd4 Bb4+ 10. Bd2 Nge7 11. O-O g5 12. Bc3 Ng6 13. a3 Be7 14. b4 g4 15. Nd2 Bg5 16. b5 Nce7 17. a4 Kf8 18. Nb3 Kg7 19. Ba5 1-0

[Event "2nd Irena Warakomska Memorial-B"]
[Site "Suwalki"]
[Date "2018.08.07"]
[Round "8"]
[White "Koziej, Maciej"]
[Black "Kowalec, Maciej"]
[Result "1-0"]
[ECO "A04"]
[WhiteElo "2027"]
[BlackElo "2065"]
[Annotator "NA"]
[PlyCount "107"]
[EventDate "2018.08.01"]
[EventType "swiss"]
[EventCountry "POL"]
[SourceTitle "playchess.com"]
[Source "ChessBase"]
[SourceQuality "1"]
[TimeControl "40/5400+30:1800+30"]

1. Nf3 f5 2. c4 Nf6 3. g3 d6 4. d4 g6 5. Bg2 Bg7 6. O-O O-O 7. Nc3 Qe8 8. Qc2 c6 9. b3 Na6 10. Ba3 Bd7 11. Qd3 h6 12. Nh4 Rb8 13. Rac1 Nc7 14. d5 Ng4 15. f4 c5 16. Nd1 b5 17. h3 bxc4 18. bxc4 Nf6 19. Bb2 Qf7 20. Bc3 Na6 21. Nf2 Nb4 22. Qd2 Nh5 23. Kh2 Bf6 24. Nf3 Qg7 25. Bxf6 Qxf6 26. Rb1 Rb6 27. a3 Na6 28. Rxb6 axb6 29. Rb1 Rb8 30. e4 fxe4 31. Nxe4 Qg7 32. g4 Nf6 33. Ng3 Nc7 34. Bf1 Nh7 35. Bd3 Nf8 36. f5 Be8 37. fxg6 Bxg6 38. Bxg6 Qxg6 39. Nf5 Kh7 40. Re1 Re8 41. Nxe7 Qf6 42. Nf5 Rxe1 43. Qxe1 Nd7 44. Kg3 h5 45. Qe4 hxg4 46. hxg4 Kh8 47. g5 Qg6 48. Qh4+ Qh7 49. Nxd6 Kg7 50. Qxh7+ Kxh7 51. Kf4 Kg6 52. a4 Na6 53. Nc8 Nb4 54. Ne5+ 1-0

[Event "2nd Irena Warakomska Memorial-B"]
[Site "Suwalki"]
[Date "2018.08.07"]
[Round "8"]
[White "Rak, Tomasz"]
[Black "Nikitin, Aleksander I"]
[Result "*"]
[ECO "A05"]
[WhiteElo "2007"]
[BlackElo "2036"]
[Annotator "NA"]
[PlyCount "93"]
[EventDate "2018.08.01"]
[EventType "swiss"]
[EventCountry "POL"]
[SourceTitle "playchess.com"]
[Source "ChessBase"]
[SourceQuality "1"]
[TimeControl "40/5400+30:1800+30"]

1. Nf3 Nf6 2. d4 d6 3. c4 Nbd7 4. Nc3 c6 5. e4 e5 6. d5 Nc5 7. Nd2 a5 8. Be2 Be7 9. b3 cxd5 10. cxd5 O-O 11. O-O Ne8 12. Nc4 f5 13. exf5 Bxf5 14. Be3 Rc8 15. a3 Bf6 16. Nb5 e4 17. Ra2 Kh8 18. Nxa5 Qxa5 19. b4 Qd8 20. bxc5 dxc5 21. Rc2 b6 22. a4 Be5 23. Na7 Bxh2+ 24. Kxh2 Qc7+ 25. d6 Qxa7 26. Bb5 Nf6 27. Bf4 e3 28. fxe3 Bxc2 29. Qxc2 Rcd8 30. Rd1 Qf7 31. Qf5 Qb3 32. Rd3 Qc2 33. Qe6 h5 34. Be5 Qf2 35. Bxf6 Rxf6 36. Qe5 Qh4+ 37. Kg1 Qe1+ 38. Kh2 Qh4+ 39. Kg1 Rdf8 40. Rd1 Rf5 41. Qe7 R5f6 42. Qe5 Rf5 43. Qe7 R5f6 44. Qe5 Qg4 45. Qd5 Qh4 46. Qe5 Rf2 47. Bc6 *

[Event "2nd Irena Warakomska Memorial-B"]
[Site "Suwalki"]
[Date "2018.08.07"]
[Round "8"]
[White "Bury, Gleb M"]
[Black "Shamatava, Nikolozi"]
[Result "1/2-1/2"]
[ECO "B42"]
[WhiteElo "1928"]
[BlackElo "1676"]
[Annotator "NA"]
[PlyCount "81"]
[EventDate "2018.08.01"]
[EventType "swiss"]
[EventCountry "POL"]
[SourceTitle "playchess.com"]
[Source "ChessBase"]
[SourceQuality "1"]
[TimeControl "40/5400+30:1800+30"]

1. e4 c5 2. Nf3 e6 3. d4 cxd4 4. Nxd4 a6 5. Bd3 Bc5 6. Nb3 Ba7 7. Qg4 Nf6 8. Qg3 d6 9. O-O O-O 10. Bg5 Nbd7 11. Kh1 Bb8 12. f4 Re8 13. Nc3 b5 14. Rad1 Qc7 15. a3 Bb7 16. Rf3 d5 17. exd5 exd5 18. Nd4 Ne4 19. Qh4 f6 20. Rh3 Nf8 21. Bxe4 dxe4 22. Bxf6 Qxf4 23. Bg5 Qxh4 24. Bxh4 Ng6 25. Bf2 Nf4 26. Re3 Ba7 27. Nce2 Nxe2 28. Rxe2 Rad8 29. c3 Rd5 30. Be3 Rf8 31. Rde1 Bxd4 32. Bxd4 Rdf5 33. Kg1 h5 34. Rf2 Rxf2 35. Bxf2 Re8 36. Bd4 g5 37. Be3 g4 38. Rd1 Kf7 39. Kf2 Ke6 40. Bf4 Bd5 41. Ke3 1/2-1/2

[Event "2nd Irena Warakomska Memorial-B"]
[Site "Suwalki"]
[Date "2018.08.08"]
[Round "9"]
[White "Kindler, Przemyslaw"]
[Black "Rak, Tomasz"]
[Result "1-0"]
[ECO "B38"]
[WhiteElo "2086"]
[BlackElo "2007"]
[Annotator "NA RC"]
[PlyCount "95"]
[EventDate "2018.08.01"]
[EventType "swiss"]
[EventCountry "POL"]
[SourceTitle "playchess.com"]
[Source "ChessBase"]
[SourceQuality "1"]
[TimeControl "40/5400+30:1800+30"]

1. e4 c5 2. Nf3 Nc6 3. d4 cxd4 4. Nxd4 g6 5. c4 Bg7 6. Be3 Nf6 7. Nc3 O-O 8. Be2 Ne8 9. O-O Nc7 10. Qd2 e5 11. Ndb5 Ne6 12. Nd5 f5 13. exf5 gxf5 14. Bh6 d6 15. Bxg7 Kxg7 16. f4 a6 17. Nbc3 Ned4 18. Rae1 Be6 19. Bd1 b5 20. fxe5 dxe5 21. Rxe5 bxc4 22. Rfe1 Qd6 23. Qe3 Bf7 24. Qg3+ Kh8 25. R5e3 Qc5 26. Nf6 Rad8 27. Na4 Qa7 28. Nxh7 Rfe8 29. Ng5 Bg6 30. Kh1 Kg7 31. Rxe8 Rxe8 32. Rxe8 Bxe8 33. Ne4+ Kf8 34. Qd6+ Qe7 35. Qh6+ Qg7 36. Qxg7+ Kxg7 37. Nd6 Bg6 38. Nxc4 f4 39. Nc5 a5 40. Ba4 Kf6 41. Kg1 Kg5 42. Kf2 Bb1 43. a3 Ba2 44. Bxc6 Bxc4 45. Be4 Kf6 46. Nd3 Kg5 47. Ne5 Bb3 48. Nf3+ 1-0

[Event "2nd Irena Warakomska Memorial-B"]
[Site "Suwalki"]
[Date "2018.08.08"]
[Round "9"]
[White "Kowalec, Maciej"]
[Black "Szewczyk, Mariusz"]
[Result "1-0"]
[ECO "A16"]
[WhiteElo "2065"]
[BlackElo "2094"]
[Annotator "NA RC"]
[PlyCount "109"]
[EventDate "2018.08.01"]
[EventType "swiss"]
[EventCountry "POL"]
[SourceTitle "playchess.com"]
[Source "ChessBase"]
[SourceQuality "1"]
[TimeControl "40/5400+30:1800+30"]

1. c4 Nf6 2. Nc3 g6 3. g3 Bg7 4. Bg2 d6 5. e4 O-O 6. d3 e5 7. Nge2 Nc6 8. O-O Nd4 9. Nxd4 exd4 10. Ne2 Nd7 11. f4 f5 12. exf5 gxf5 13. b4 c5 14. bxc5 dxc5 15. Rb1 Qc7 16. Bd2 Nf6 17. h3 Rb8 18. Kh2 Bd7 19. a4 Bc6 20. Bxc6 Qxc6 21. Ng1 Rfe8 22. Nf3 Re7 23. Rf2 Nd7 24. Nh4 Rf8 25. a5 b6 26. axb6 axb6 27. Re2 Qf6 28. Rxe7 Qxe7 29. Qf3 Qf7 30. Re1 Rb8 31. Qc6 Nf8 32. Nf3 Qb7 33. Qxb7 Rxb7 34. Nh4 Rf7 35. Kg2 Ng6 36. Re8+ Bf8 37. Nxg6 hxg6 38. Re6 Re7 39. Rxe7 Bxe7 40. Be1 Kf7 41. g4 Ke6 42. Kf3 Kd6 43. h4 Kc6 44. gxf5 gxf5 45. h5 b5 46. cxb5+ Kxb5 47. h6 Bf6 48. h7 Bh8 49. Ke2 Kc6 50. Ba5 Kd7 51. Kd2 Ke7 52. Bc7 Kf7 53. Be5 Bxe5 54. fxe5 Kg7 55. e6 1-0

[Event "2nd Irena Warakomska Memorial-B"]
[Site "Suwalki"]
[Date "2018.08.08"]
[Round "9"]
[White "Barchuk, Irina"]
[Black "Bury, Gleb Maximovich"]
[Result "0-1"]
[ECO "B12"]
[WhiteElo "2061"]
[BlackElo "1928"]
[Annotator "NA RC"]
[PlyCount "56"]
[EventDate "2018.08.01"]
[EventType "swiss"]
[EventCountry "POL"]
[SourceTitle "playchess.com"]
[Source "ChessBase"]
[SourceQuality "1"]
[TimeControl "40/5400+30:1800+30"]

1. e4 c6 2. d4 d5 3. e5 Bf5 4. Nf3 e6 5. Be2 Ne7 6. Nc3 Nd7 7. Be3 h6 8. O-O g5 9. Nd2 Qc7 10. f4 Rg8 11. fxg5 hxg5 12. g4 Bg6 13. Nf3 O-O-O 14. Nxg5 Bh6 15. h4 f6 16. Nxe6 Bxe3+ 17. Kh1 Qb8 18. Rf3 Rh8 19. Rxe3 Rxh4+ 20. Kg1 Rdh8 21. Bf3 fxe5 22. Bg2 e4 23. Qe2 Qd6 24. Ng5 Qh2+ 25. Kf2 Qf4+ 26. Nf3 exf3 27. Rxf3 Qxd4+ 28. Kg3 Rxg4# {Nb1 Qe5+} 0-1

[Event "2nd Irena Warakomska Memorial-B"]
[Site "Suwalki"]
[Date "2018.08.08"]
[Round "9"]
[White "Nikitin, Aleksander I"]
[Black "Matuszczyk, Mateusz"]
[Result "1/2-1/2"]
[ECO "B29"]
[WhiteElo "2036"]
[BlackElo "1733"]
[Annotator "NA RC"]
[PlyCount "53"]
[EventDate "2018.08.01"]
[EventType "swiss"]
[EventCountry "POL"]
[SourceTitle "playchess.com"]
[Source "ChessBase"]
[SourceQuality "1"]
[TimeControl "40/5400+30:1800+30"]

1. Nf3 c5 2. e4 Nf6 3. d3 d6 4. Nbd2 g6 5. g3 Bg7 6. Bg2 Nc6 7. O-O O-O 8. c3 e5 9. a3 d5 10. b4 dxe4 11. dxe4 Qd3 12. Bb2 Nxe4 13. Nxe4 Qxe4 14. Nd4 Qg4 15. Nxc6 bxc6 16. Bxc6 Rb8 17. Re1 Qxd1 18. Raxd1 Bb7 19. Bd5 a5 20. Bc1 cxb4 21. cxb4 axb4 22. axb4 Rfc8 23. Bb3 Bc6 24. Bd2 Bf8 25. Rxe5 Bxb4 26. Bxb4 Rxb4 27. Re3 1/2-1/2

[Event "2nd Irena Warakomska Memorial-B"]
[Site "Suwalki"]
[Date "2018.08.08"]
[Round "9"]
[White "Shamatava, Nikolozi"]
[Black "Koziej, Maciej"]
[Result "1/2-1/2"]
[ECO "D04"]
[WhiteElo "1676"]
[BlackElo "2027"]
[Annotator "NA RC"]
[PlyCount "70"]
[EventDate "2018.08.01"]
[EventType "swiss"]
[EventCountry "POL"]
[SourceTitle "playchess.com"]
[Source "ChessBase"]
[SourceQuality "1"]
[TimeControl "40/5400+30:1800+30"]

1. d4 Nf6 2. Nf3 d5 3. e3 c6 4. Bd3 Bg4 5. O-O Nbd7 6. Re1 e6 7. Nbd2 Bd6 8. h3 Bh5 9. e4 dxe4 10. Nxe4 Nxe4 11. Bxe4 Nf6 12. Bg5 Qa5 13. Bxf6 gxf6 14. Qd2 Qxd2 15. Nxd2 Bf4 16. Nb3 O-O-O 17. g3 Bc7 18. a4 f5 19. Bg2 f4 20. g4 Bg6 21. c3 h5 22. a5 a6 23. Nc5 hxg4 24. hxg4 Rh4 25. f3 Rd5 26. Bf1 Rg5 27. Bc4 Bd6 28. b4 Bh7 29. Kg2 Rg6 30. Rh1 Rgh6 31. Rxh4 Rxh4 32. Rh1 Rxh1 33. Kxh1 Bxc5 34. dxc5 Kd7 35. Kg2 Ke7 1/2-1/2